 Dungeon Crawl Stone Soup version 0.28.0-1-gb440e238dd (webtiles) character file.

Game seed: 16284256691033631705

2723 mcwallace the Skirmisher (level 9, -1/71 HPs)
             Began as a Demonspawn Gladiator on Feb 20, 2022.
             Slain by a black bear (7 damage)
             ... on level 5 of the Dungeon.
             The game lasted 00:09:59 (7049 turns).

mcwallace the Skirmisher (Demonspawn Gladiator)     Turns: 7049, Time: 00:09:59

Health: -1/71      AC:  8    Str: 21    XL:     9   Next: 40%
Magic:  9/9        EV: 12    Int: 14    God:
Gold:   325        SH:  8    Dex: 14    Spells: 8/8 levels left

rFire   . . .      SeeInvis .   a - +0 war axe {axe}
rCold   . . .      Faith    .   (no shield)
rNeg    . . .      Spirit   .   t - +0 scale mail
rPois   .          Reflect  .   c - +0 helmet
rElec   .          Harm     .   p - scarf {repulsion}
rCorr   .          Rampage  .   (no gloves)
Will    .....                   (no boots)
Stlth   ..........              (no amulet)
HPRegen 0.21/turn               j - +6 ring of strength
MPRegen 0.11/turn               (no ring)

@: repel missiles
A: claws 1, large bone plates 3, powered by death 1
a: no special abilities


You were on level 5 of the Dungeon.
You visited 1 branch of the dungeon, and saw 6 of its levels.
You also visited: Sewer.

You collected 325 gold pieces.


Innate Abilities, Weirdness & Mutations

You have sharp fingernails.
You are completely covered in large bone plates. (SH +8)
You regenerate a little health from kills.


   Skills:
 + Level 6.7 Fighting
 + Level 6.5 Axes
 - Level 2.4 Throwing
 + Level 5.4 Armour
 + Level 6.5 Dodging


You had 8 spell levels left.
You didn't know any spells.
Your spell library contained the following spells:

 Spells                   Type           Power      Damage    Failure   Level
 Shock                    Conj/Air       0%         1d3       58%         1
 Ensorcelled Hibernation  Hex/Ice        0%         N/A       73%         2
 Passwall                 Tmut/Erth      0%         N/A       73%         2
 Searing Ray              Conj           0%         2d4       73%         2
 Ignite Poison            Fire/Tmut/Pois 0%         N/A       91%         3
 Inner Flame              Hex/Fire       0%         N/A       91%         3
 Mephitic Cloud           Conj/Pois/Air  0%         N/A       91%         3
 Swiftness                Air            0%         N/A       91%         3
 Airstrike                Air            0%         N/A       100%        4
 Cause Fear               Hex            0%         N/A       100%        4
 Hailstorm                Conj/Ice       0%         3d3       100%        4
 Freezing Cloud           Conj/Ice/Air   0%         6-21      100%        5
 Discord                  Hex            0%         N/A       100%        8

Inventory:

Hand Weapons
 a - a +0 war axe (weapon) {axe}
 u - a +1 whip of flaming {mace}
   (You took it off Pikel on level 4 of the Dungeon)
 v - a +4 dagger of electrocution {short}
   (You took it off a kobold in a sewer)
 E - a +0 whip of freezing {mace}
   (You took it off an orc on level 5 of the Dungeon)
 F - a +1 short sword of freezing {short}
   (You took it off an orc on level 5 of the Dungeon)
 G - a +2 dire flail of holy wrath {mace}
   (You took it off Edmund on level 5 of the Dungeon)
Missiles
 d - 2 throwing nets (quivered) {=f!fthrowing}
 e - 45 sling bullets
 g - 51 arrows
 k - 188 stones {throwing}
 w - 3 poisoned darts {throwing}
Armour
 b - a +0 leather armour
 c - a +0 helmet (worn)
 o - a +0 ring mail
   (You found it on level 2 of the Dungeon)
 p - a scarf of repulsion (worn)
   (You found it on level 2 of the Dungeon)
 r - the +2 robe of the Pirate {rF+ Int+2}
   (You found it on level 3 of the Dungeon)

   Int:       It affects your intelligence (+2).
   rF:        It protects you from fire.
 t - a +0 scale mail (worn)
   (You found it on level 4 of the Dungeon)
Magical Staves
 s - a staff of poison {!astaff}
   (You found it on level 3 of the Dungeon)
Jewellery
 j - a +6 ring of strength (left claw)
   (You found it on level 1 of the Dungeon)
Scrolls
 f - 2 scrolls of summoning {unknown}
 h - a scroll of immolation {unknown}
 i - a scroll of blinking {unknown}
 m - 2 scrolls of identify {unknown}
 n - a scroll of amnesia {unknown}
 y - 3 scrolls of teleportation {unknown}
 C - a scroll of noise {unknown}
Potions
 l - a potion of might
 q - a potion of degeneration {unknown}
 x - 3 potions of heal wounds {@q2}
 z - 2 potions of flight
 A - a potion of curing {unknown}
 B - a potion of attraction {unknown}
 D - a potion of cancellation {unknown}
 H - a potion of mutation {unknown}
 I - a potion of lignification {unknown}

Dungeon Overview and Level Annotations

Branches:
Dungeon (6/15)              Sewer (visited)
 Temple: D:4-7

Altars:

#.#...#...#
#.................
#.#.#.###.#
#.....######..####
#.#.#.# #.# #.....#
#..#### #.#.#.#
#.########..#######......
#...#.#
#...........#............
#####'#
##########.##.#######.##.
#.# #.#..........##. #.#
########.#..#######.##.
#.# #....Y@h......# #.###
#.# #.######......## #.#
#.#
#..............####.###
#.#
########...............
#.# #.........###.### #.#
#.....##..###.# # #.#
#.............# # #.#
#.............# # #.#
#.....##..##### #


You could see a yak and a black bear (berserk).


Message History

You take 17 damage, and now have 28/71 hp.
MASSIVE DAMAGE!! (PAUSE)
You barely miss the yak. You hit the yak. You block the yak's attack.
The yak misses you.
You slash the yak! x2; The yak misses you.
The yak gores you but does no damage.
You barely miss the yak. You slash the yak!
You kill the yak!
You block the yak's attack. 😨 HP[+2]
You regained 2 hp, and now have 30/71 hp.
You closely miss the yak. The yak gores you!
* * * LOW HITPOINT WARNING * * *
You block the yak's attack. 😨 HP[-7]
You take 7 damage, and now have 23/71 hp.
You slash the yak!
You kill the yak! 😨 HP[+1]
You start resting. 😎 HP[+47]
Your hp is fully restored (71).
You climb downwards.
The yak closely misses you. The black bear misses you.
The black bear claws you but does no damage.
The black bear misses you. The yak gores you.
There is a stone staircase leading up here. 😕 HP[-4]
You take 4 damage, and now have 67/71 hp.
The black bear barely misses you. You block the black bear's attack.
The black bear claws you. You block the yak's attack.
You climb upwards.
There is a stone staircase leading down, spattered with blood here. 😕 HP[-1]
You take 1 damage, and now have 66/71 hp.
You hit the yak. You hit the black bear. The black bear barely misses you.
You block the black bear's attack. The black bear barely misses you.
You block the yak's attack.
You barely miss the yak. You hit the black bear. The black bear bites you!
You block the black bear's attack. The black bear misses you.
The yak gores you! 😮 HP[-16]
You take 16 damage, and now have 50/71 hp.
MASSIVE DAMAGE!! (PAUSE)
You barely miss the black bear. You slash the yak! The black bear bites you!
The black bear claws you but does no damage.
The black bear barely misses you. The yak completely misses you.
The black bear bites you. The black bear barely misses you.
The black bear claws you.
* * * LOW HITPOINT WARNING * * *
😨 HP[-15]
You take 15 damage, and now have 35/71 hp.
MASSIVE DAMAGE!! (PAUSE)
You slash the yak! You hit the black bear. The yak closely misses you.
You block the black bear's attack. The black bear claws you.
* * * LOW HITPOINT WARNING * * *
The black bear barely misses you. The yak gores you!
* * * LOW HITPOINT WARNING * * *
😨 HP[-12]
You take 12 damage, and now have 23/71 hp.
You hit the yak. You hit the black bear. You block the black bear's attack.
The black bear claws you but does no damage.
The black bear claws you.
* * * LOW HITPOINT WARNING * * *
The yak gores you but does no damage. 😨 HP[-1]
You take 1 damage, and now have 22/71 hp.
You hit the yak but do no damage. You slash the black bear!
The black bear bites you but does no damage.
The black bear barely misses you. The black bear closely misses you.
The yak barely misses you.
You barely miss the yak. You completely miss the black bear.
The black bear goes berserk!
The yak barely misses you.
You closely miss the black bear. You slash the yak! The black bear bites you.
* * * LOW HITPOINT WARNING * * *
The black bear closely misses you. You block the black bear's attack.
The yak gores you but does no damage. You block the black bear's attack.
The black bear claws you but does no damage.
The black bear claws you.
* * * LOW HITPOINT WARNING * * *
😨 HP[-3]
You take 3 damage, and now have 19/71 hp.
You closely miss the black bear. You hit the yak but do no damage.
You block the black bear's attack. x2; The black bear barely misses you.
You block the yak's attack. The black bear bites you.
* * * LOW HITPOINT WARNING * * *
The black bear claws you.
* * * LOW HITPOINT WARNING * * *
The black bear misses you. 😱 HP[-3]
You take 3 damage, and now have 16/71 hp.
You hit the black bear but do no damage.
You hit the yak. The yak gores you.
* * * LOW HITPOINT WARNING * * *
You block the black bear's attack. The black bear closely misses you.
The black bear claws you.
* * * LOW HITPOINT WARNING * * *
The yak gores you.
* * * LOW HITPOINT WARNING * * *
The black bear bites you!
You die...

Skill      XL: |  1  2  3  4  5  6  7  8  9 |
---------------+----------------------------+-----
Throwing       | 2 |  2.4
Axes           | 3 4 5 6 |  6.5
Dodging        | 3 4 5 6 |  6.5
Fighting       | 3 4 6 |  6.7
Armour         | 1 2 3 4 5 |  5.4

Action                   |  1- 3 |  4- 6 |  7- 9 || total
-------------------------+-------+-------+-------++-------
Melee: War axe           |   105 |    98 |   325 ||   528
       Punch             |     1 |     5 |     3 ||     9
Throw: Throwing net      |       |     1 |     1 ||     2
       Dart              |       |       |     3 ||     3
  Use: Potion            |       |     1 |     2 ||     3
Armor: Leather armour    |    27 |       |       ||    27
       Ring mail         |    11 |    27 |       ||    38
       Scale mail        |       |     3 |   117 ||   120
Dodge: Dodged            |    66 |    72 |   172 ||   310
       Repelled          |       |     1 |       ||     1
Block: Other             |    18 |    33 |   118 ||   169

Levels and vault maps discovered:
D:1:      kilobyte_arrival_exit_the_forest, layout_loops_cross,
          basic_ecumenical_altar, minmay_misc_feat_doors, grunt_decor_fettered,
          minmay_pentomino_t4
D:2:      cheibrodos_helix_gallery, layout_loops_ring,
          nicolae_elevator_lobby_plus
D:3:      layout_rooms
D:4:      layout_basic, gup_sewer_entry_bubbles, uniq_pikel
D:5:      layout_loops_ring, glass_columns_a, roderic_serpentine_path,
          minmay_misc_feat_encased, minmay_misc_feat_roman, uniq_edmund
D:6:      layout_basic, minmay_manual_mares

Notes
Turn   | Place    | Note
-------+----------+-------------------------------------------
     0 | D:1      | mcwallace the Demonspawn Gladiator began the quest for the
                  | Orb.
     0 | D:1      | Reached XP level 1. HP: 16/16 MP: 1/1
     0 | D:1      | magus.rc [v1.9.6]
   177 | D:1      | Found a faded altar of an unknown god.
   208 | D:1      | You fall into a shaft and drop 1 floor!
   228 | D:1      | Reached skill level 2 in Throwing
   340 | D:1      | Gained mutation: You are partially covered in large bone
                  | plates. (SH +4) [demonic ancestry]
   340 | D:1      | Reached XP level 2. HP: 15/22 MP: 2/2
  1042 | D:2      | Reached skill level 3 in Axes
  1042 | D:2      | Reached skill level 3 in Dodging
  1117 | D:2      | Reached XP level 3. HP: 8/28 MP: 3/3
  2193 | D:3      | Noticed a phantom
  2214 | D:3      | Killed a phantom
  2215 | D:3      | Reached skill level 3 in Fighting
  2215 | D:3      | Reached skill level 1 in Armour
  2215 | D:3      | Gained mutation: You are mostly covered in large bone
                  | plates. (SH +6) [demonic ancestry]
  2215 | D:3      | Reached XP level 4. HP: 13/35 MP: 4/4
  2226 | D:3      | Reached XP level 5. HP: 14/41 MP: 5/5
  2502 | D:3      | You pick up a book of Air and begin reading...
  2502 | D:3      | You add the spells Shock, Swiftness and Airstrike to your
                  | library.
  2624 | D:3      | Identified the +2 robe of the Pirate {rF+ Int+2}
  3293 | D:4      | Noticed Pikel
  3293 | D:4      | Noticed a lemure
  3293 | D:4      | Noticed a lemure
  3293 | D:4      | Noticed a lemure
  3311 | D:4      | HP: 10/41 [Pikel (9)]
  3313 | D:4      | Killed Pikel
  3314 | D:4      | Reached skill level 4 in Fighting
  3314 | D:4      | Reached skill level 4 in Axes
  3314 | D:4      | Reached skill level 2 in Armour
  3314 | D:4      | Reached skill level 4 in Dodging
  3314 | D:4      | Gained mutation: You have sharp fingernails. [demonic
                  | ancestry]
  3314 | D:4      | Reached XP level 6. HP: 10/49 MP: 6/6
  3314 | D:4      | Reached XP level 7. HP: 11/55 MP: 7/7
  3379 | D:4      | HP: 12/54 [necrophage (3)]
  3419 | D:4      | HP: 10/52 [necrophage (4)]
  3425 | D:4      | Reached skill level 3 in Armour
  3572 | D:4      | Found a glowing drain.
  3592 | Sewer    | Entered a sewer
  4420 | D:4      | You add the spells Searing Ray and Hailstorm to your
                  | library.
  4420 | D:4      | Got the Guide on Frigorific Confrontation
  4516 | D:4      | You pick up a book of Burglary and begin reading...
  4516 | D:4      | You add the spells Passwall and Ensorcelled Hibernation to
                  | your library.
  4527 | D:4      | Reached skill level 5 in Axes
  4527 | D:4      | Reached skill level 5 in Dodging
  4527 | D:4      | Gained mutation: You are completely covered in large bone
                  | plates. (SH +8) [demonic ancestry]
  4527 | D:4      | Reached XP level 8. HP: 58/61 MP: 8/8
  4546 | D:4      | You add the spells Ignite Poison, Mephitic Cloud and
                  | Freezing Cloud to your library.
  4672 | D:5      | Entered Level 5 of the Dungeon
  4703 | D:5      | Reached skill level 5 in Fighting
  5150 | D:5      | You pick up a book of Hexes and begin reading...
  5150 | D:5      | You add the spells Inner Flame, Cause Fear and Discord to
                  | your library.
  5186 | D:5      | Noticed Edmund
  5199 | D:5      | Killed Edmund
  5200 | D:5      | Reached skill level 4 in Armour
  6225 | D:6      | Reached skill level 6 in Fighting
  6369 | D:6      | Reached skill level 6 in Axes
  6540 | D:6      | Reached skill level 6 in Dodging
  6540 | D:6      | Gained mutation: You regenerate a little health from kills.
                  | [demonic ancestry]
  6540 | D:6      | Reached XP level 9. HP: 69/69 MP: 9/9
  6545 | D:6      | Reached skill level 5 in Armour
  7048 | D:5      | HP: 17/71 [black bear (2)]
  7049 | D:5      | HP: 6/71 [yak (6)]
  7049 | D:5      | Slain by a black bear

Vanquished Creatures
  Pikel (D:4)
  5 yaks
  Edmund (D:5)
  2 sky beasts (D:5)
  2 necrophages
  3 phantoms
  A kobold brigand (Sewer)
  A water moccasin zombie (D:5)
  3 scorpions
  3 hounds
  A centaur zombie (D:5)
  An orc priest (D:5)
  A gnoll shaman (D:6)
  2 jellies
  A centaur skeleton (D:5)
  An iguana (D:6)
  A hound zombie (D:5)
  4 gnolls (D:6)
  5 adders
  A howler monkey skeleton (D:6)
  3 river rats
  A shadow imp (D:5)
  2 adder skeletons (D:4)
  3 worms
  3 dart slugs
  7 orcs
  7 ball pythons
  6 bats
  6 endoplasms
  5 giant cockroaches
  8 goblins
  3 hobgoblins
  14 jackals
  4 quokkas
  5 frilled lizards
  9 kobolds
  3 rats
129 creatures vanquished.

Table legend:
 A = Non-vault XP
 B = Vault XP
 C = Vault XP percentage of total XP
 D = Non-vault monster count
 E = Vault monster count
 F = Vault count percentage of total count
                 A         B        C        D         E       F
            +---------+---------+-------+---------+---------+-------
      Total |    2903 |     987 |  25.4 |     107 |      22 |  17.1
            +---------+---------+-------+---------+---------+-------
        D:1 |      24 |       6 |  20.0 |      15 |       3 |  16.7
        D:2 |      49 |       6 |  10.9 |      12 |       2 |  14.3
        D:3 |     168 |       0 |   0.0 |      24 |       0 |   0.0
        D:4 |     375 |     675 |  64.3 |      22 |       6 |  21.4
        D:5 |    1525 |     162 |   9.6 |      23 |       1 |   4.2
        D:6 |     762 |       0 |   0.0 |      11 |       0 |   0.0
      Sewer |       0 |     138 | 100.0 |       0 |      10 | 100.0
            +---------+---------+-------+---------+---------+-------

Illustrated notes

Table legend:
 A = Kills in this place as a percentage of kills in entire the game.
 B = Kills by you in this place as a percentage of kills by you in the entire game.
 C = Kills by friends in this place as a percentage of kills by friends in the entire game.
 D = Other kills in this place as a percentage of other kills in the entire game.
 E = Experience gained in this place as a percentage of experience gained in the entire game.
 F = Experience gained in this place divided by the number of levels of this place that you have seen.
                   A       B       C       D       E      F
               +-------+-------+-------+-------+-------+----------------------
         Total | 100.0 | 100.0 |   N/A |   N/A | 100.0 | 555.7
       Dungeon |  92.2 |  92.2 |   N/A |   N/A |  96.5 | 625.3
         Sewer |   7.8 |   7.8 |   N/A |   N/A |   3.5 | 138.0
               +-------+-------+-------+-------+-------+----------------------

Table legend: (Time is in decaauts)
 A = Elapsed time spent in this place.
 B = Non-inter-level travel time spent in this place.
 C = Inter-level travel time spent in this place.
 D = Time resting spent in this place.
 E = Time spent auto-exploring this place.
 F = Levels seen in this place.
 G = Mean time per level.
                   A        B        C        D        E       F      G
               +--------+--------+--------+--------+--------+-----+--------+
         Total |   7300 |   7147 |    153 |    535 |   5053 |   7 | 1042.9 |
       Dungeon |   6800 |   6647 |    153 |    427 |   4895 |   6 | 1133.3 |
         Sewer |    499 |    499 |      0 |    108 |    158 |   1 |  499.0 |
               +--------+--------+--------+--------+--------+-----+--------+

Top non-repeatable levels by time:
     D:5: 2010 daAuts
     D:2: 1270 daAuts
     D:4: 1210 daAuts
     D:1: 966 daAuts
     D:3: 925 daAuts
   Sewer: 499 daAuts
     D:6: 417 daAuts
